 Dungeon Crawl Stone Soup version 0.29.0-7-g18a832c13a (webtiles) character file.

Game seed: 4112804010529598315

129 p0werm0de the Trooper (level 5, -7/33 HPs)
             Began as a Gargoyle Chaos Knight on Aug 30, 2022.
             Was an Initiate of Okawaru.
             Mangled by Sigmund
             ... wielding a +2 scythe of venom
              (10 damage)
             ... on level 4 of the Dungeon.
             The game lasted 00:01:34 (2849 turns).

p0werm0de the Trooper (Gargoyle Chaos Knight)       Turns: 2849, Time: 00:01:34

Health: -7/33      AC:  9    Str: 18    XL:     5   Next: 12%
Magic:  5/5        EV:  9    Int: 12    God:    Okawaru [......]
Gold:   107        SH:  0    Dex:  9    Spells: 4/4 levels left

rFire   . . .      SeeInvis .   a - +0 hand axe (chaos)
rCold   . . .      Faith    .   i - +0 kite shield
rNeg    + . .      Spirit   .   b - +2 leather armour
rPois   ∞          Reflect  +   (no helmet)
rElec   +          Harm     .   (no cloak)
rCorr   .          Rampage  .   (no gloves)
Will    .....                   (no boots)
Stlth   ..........              e - amulet of reflection
HPRegen 0.11/turn               (no ring)
MPRegen 0.09/turn               (no ring)

@: confused, unable to drink
A: sickness immunity, AC +4, negative energy resistance 1, electricity
resistance, torment resistance 1, petrification resistance, inability to drink
after injury 1
a: Renounce Religion


You were on level 4 of the Dungeon.
You worshipped Okawaru.
Okawaru was noncommittal.
You visited 2 branches of the dungeon, and saw 5 of its levels.

You collected 157 gold pieces.
You spent 50 gold pieces at shops.

Inventory:

Hand Weapons
 a - a +0 hand axe of chaos (weapon)
Missiles
 k - a throwing net
Armour
 b - a +2 leather armour (worn)
 i - a +0 kite shield (worn)
   (Xom gifted it to you on level 3 of the Dungeon)
Jewellery
 e - an amulet of reflection (around neck)
   (You found it on level 1 of the Dungeon)
Wands
 v - a wand of digging (4)
   (You took it off Jessica on level 3 of the Dungeon)
Scrolls
 d - a scroll of identify {unknown}
 j - a scroll of teleportation {unknown}
 n - a scroll of brand weapon {unknown}
 o - a scroll of blinking {unknown}
Potions
 f - 2 potions of resistance {unknown}
 g - 2 potions of brilliance {unknown}
 h - a potion of degeneration {unknown}
 l - a potion of attraction {unknown}
 m - a potion of curing {unknown}
 p - a potion of haste {unknown}
 w - 2 potions of heal wounds
Miscellaneous
 c - a piece from Xom's chessboard (15/15) (quivered)


   Skills:
 * Level 4.1 Fighting
 * Level 3.3 Axes
 * Level 3.2 Armour
 - Level 0.7 Dodging
 * Level 1.1 Shields
 * Level 0.5 Invocations
 * Level 1.7 Evocations


You had 4 spell levels left.
You didn't know any spells.
Your spell library was empty.

Dungeon Overview and Level Annotations

Branches:
Dungeon (4/15)             Temple (1/1) D:4

Altars:
Gozag
Makhleb
Okawaru
Sif Muna
Uskayaw
Xom
The Shining One

Shops:
D:3 !

Annotations:
D:4 Sigmund


Innate Abilities, Weirdness & Mutations

You are immune to sickness and miasma.
Your stone body is resilient. (AC +4)
You are immune to poison.
You resist negative energy. (rN+)
You are resistant to electric shocks. (rElec)
You are resistant to unholy torment.
You are immune to petrification.
You occasionally lose the ability to drink potions when taking damage.


Message History

The puff of flame hits you!
You barely miss Sigmund.
Sigmund is moderately wounded.
Sigmund barely misses you.
You hit Sigmund. You burn Sigmund.
Sigmund is heavily wounded.
You block Sigmund's attack.
You hit Sigmund. You burn Sigmund.
Sigmund is severely wounded.
Sigmund hits you with a +2 scythe of venom!
You hit Sigmund.
Sigmund suddenly seems more agile.
Sigmund is almost dead.
You block Sigmund's attack.
You miss Sigmund.
Sigmund is almost dead.
You barely miss Sigmund.
Sigmund is almost dead.
Sigmund barely misses you.
You miss Sigmund.
Sigmund is almost dead.
Sigmund mumbles some strange words.
Sigmund flickers and vanishes!
Deactivating autopickup; reactivate with Ctrl-A.
Something hits you!
You feel threatened and lose the ability to drink potions!
You are too injured to fight recklessly!
You are too injured to fight recklessly!
You are too injured to fight recklessly!
You are too injured to fight recklessly!
You are too injured to fight recklessly!
You are too injured to fight recklessly!
You are too injured to fight recklessly!
You closely miss something.
You hear some strange, mumbled words.
You are confused.
You cannot drink potions in your current state!
You completely miss something. Something hits you!
* * * LOW HITPOINT WARNING * * *
You barely miss something. Something hits you!
You die...

######.######.#
#........#
#..#######
#..#########
#.....)....#
##.#######.######
#.# #.........
#.######.#.######
#.#...{@......#
#.#.##..$...#.#
#.. #......# # #.
.......#
.#.....##
.........
...###.##.# ##.
.# .#


There were no monsters in sight!

Vanquished Creatures
  A hound (D:4)
  Jessica (D:3)
  2 adders
  A dart slug (D:3)
  2 ball pythons
  4 endoplasms
  5 giant cockroaches
  8 goblins
  4 hobgoblins
  2 jackals (D:3)
  9 kobolds
  3 quokkas
  A frilled lizard (D:2)
  5 rats
48 creatures vanquished.

Vanquished Creatures (others)
  A fungus (D:3)
1 creature vanquished.

Grand Total: 49 creatures vanquished

Notes
Turn   | Place    | Note
-------+----------+-------------------------------------------
     0 | D:1      | p0werm0de the Gargoyle Chaos Knight began the quest for the
                  | Orb.
     0 | D:1      | Reached XP level 1. HP: 14/14 MP: 1/1
    69 | D:1      | XOM: silly message
   192 | D:1      | XOM: silly message
   197 | D:1      | Reached XP level 2. HP: 19/19 MP: 2/2
   371 | D:1      | XOM: silly message
   425 | D:1      | XOM: silly message
   582 | D:1      | XOM: silly message
   721 | D:2      | Reached XP level 3. HP: 21/23 MP: 3/3
   766 | D:2      | Reached skill level 1 in Evocations
  1187 | D:2      | XOM: divination: magic mapping
  1463 | D:3      | XOM: god gift: kite shield {god gift}
  1545 | D:3      | Noticed Jessica
  1557 | D:3      | Killed Jessica
  1558 | D:3      | Reached XP level 4. HP: 10/29 MP: 4/4
  1837 | D:2      | XOM: scenery: create altars
  2017 | D:3      | Found Rojaned's Distillery.
  2035 | D:3      | Bought a potion of heal wounds for 50 gold pieces
  2357 | D:3      | XOM: give mutation
  2357 | D:3      | Gained mutation: You occasionally lose the ability to drink
                  | potions when taking damage. [Xom's mischief]
  2367 | D:3      | Reached skill level 4 in Fighting
  2372 | D:3      | XOM: cloud trail
  2373 | D:3      | Found a faded altar of an unknown god.
  2529 | D:4      | Found a staircase to the Ecumenical Temple.
  2573 | Temple   | Entered the Ecumenical Temple
  2584 | Temple   | Fell from the grace of Xom
  2584 | Temple   | Became a worshipper of Warmaster Okawaru
  2693 | D:4      | Reached skill level 1 in Shields
  2693 | D:4      | Reached XP level 5. HP: 33/33 MP: 5/5
  2835 | D:4      | Noticed Sigmund
  2849 | D:4      | Mangled by Sigmund

Illustrated notes

Levels and vault maps discovered:
D:1:      dpeg_arrival_prison, layout_loops_ring, grunt_decor_clamped
D:2:      layout_basic
D:3:      layout_loops_ring, serial_shops, shop_statue,
          shapermc_ecumenical_altar_hornbeckon, grunt_decor_mini_mirrors,
          uniq_jessica
D:4:      nicolae_cairo_tiling_large, layout_loops_ring,
          minmay_temple_entry_drinking_statues, uniq_sigmund, uniq_duvessa
Temple:   nicolae_temple_bog_church

Skill      XL: |  1  2  3  4 |
---------------+-------------+-----
Axes           | 3 |  3.3
Evocations     | 1 |  1.7
Armour         | 3 |  3.2
Fighting       | 4 |  4.1
Shields        | 1 |  1.1
Dodging        | |  0.7
Invocations    | |  0.5

Action                   |  1- 3 |  4- 6 || total
-------------------------+-------+-------++-------
Melee: Hand axe          |   101 |    63 ||   164
       Punch             |     1 |       ||     1
Armor: Leather armour    |    38 |    12 ||    50
Dodge: Dodged            |    54 |    14 ||    68
Block: Kite shield       |     3 |    33 ||    36
